 Dungeon Crawl Stone Soup version 0.30.0-2-g1aa4bd4387 (webtiles) character file.

Game seed: 16958199074546379959

372852 McKennaii the Sorcerer (level 20, -1/156 (161) HPs)
             Began as a Demigod Conjurer on May 3, 2023.
             Slain by a phantasmal warrior (12 damage)
             ... summoned by a vampire mage
             ... on level 3 of the Vaults on May 7, 2023.
             The game lasted 02:48:16 (80397 turns).

McKennaii the Sorcerer (Demigod Conjurer)          Turns: 80397, Time: 02:48:16

HP:   -1/156 (161)  AC: 29    Str: 22    XL:     20   Next: 84%
MP:   15/52         EV: 14    Int: 42    God:
Gold: 1958          SH:  5    Dex: 12    Spells: 20/62 levels left

rFire   + + +        R - staff of cold "Utaogug" {rF+ rC+ Will+ Str+6}
rCold   + + .        (no shield)
rNeg    + . .        J - +6 chain mail "Usomp" {rElec rPois rC- Regen+}
rPois   +            S - -2 hat of the Alchemist {rElec rPois rF+ rC+ rN+ Will+ rMut rCorr}
rElec   +            q - scarf of Dramatic Exits {rC+ rF+, Str+4 Stlth+}
rCorr   +            v - +2 pair of gloves
SInv    .            W - +2 pair of boots {Fly}
Will    ++...        T - amulet "Loym" {Reflect rCorr Int+2 SH+5}
Stlth   x              - +4 ring of protection
HPRegen 1.26/turn    p - ring of wizardry
MPRegen 0.33/turn

%: reflection, resist mutation, wizardry (x1)
@: weak-willed, flying, slowed, lightly drained, very slow
A: high MP 1, forlorn, divine attributes, iridescent scales 1, electricity
resistance, MP-powered wands
}: 2/15 runes: barnacled, gossamer
a: no special abilities


You were on level 3 of the Vaults.
You visited 8 branches of the dungeon, and saw 38 of its levels.
You visited the Abyss 1 time.
You also visited: Ossuary and Gauntlet.

You collected 7282 gold pieces.
You spent 5324 gold pieces at shops.

Inventory:

Hand Weapons
 B - the +4 rapier "Embalmer" {holy, Fly Int+4}
   (You found it on level 5 of the Dungeon)

   Int:       It affects your intelligence (+4).
   Fly:       It grants you flight.
 G - the +10 zealot's sword {holy, Zealotry, *Rage rN+ EV+3}
   (You took it off a minotaur in a Gauntlet)

   Zealotry:  Whenever the wielder enters a berserk rage, their allies are
   berserked alongside them.
   EV:        It affects your evasion (+3).
   rN:        It protects you from negative energy.
   *Rage:     It berserks you when you make melee attacks (+20% chance).
Armour
 q - the scarf of Dramatic Exits (worn) {rC+ rF+, Str+4 Stlth+}
   (You found it on level 3 of the Elven Halls)

   Str:       It affects your strength (+4).
   Stlth:     It makes you more stealthy.
 r - the +3 robe of Cheibriados's Delight {Int+7 Dex+4}
   (You took it off a deep elf demonologist on level 3 of the Elven Halls)

   Int:       It affects your intelligence (+7).
   Dex:       It affects your dexterity (+4).
 v - a +2 pair of gloves (worn)
 J - the +6 chain mail "Usomp" (worn) {rElec rPois rC- Regen+}
   (You found it on level 3 of the Dungeon)

   rC:        It makes you vulnerable to cold.
   rElec:     It insulates you from electricity.
   rPois:     It protects you from poison.
   Regen:     It increases your rate of health regeneration.
 S - the -2 hat of the Alchemist (worn) {rElec rPois rF+ rC+ rN+ Will+ rMut rCorr}
   (You bought it in a shop on level 2 of the Vaults)

   rF:        It protects you from fire.
   rC:        It protects you from cold.
   rElec:     It insulates you from electricity.
   rPois:     It protects you from poison.
   rN:        It protects you from negative energy.
   rCorr:     It protects you from acid and corrosion.
   rMut:      It protects you from mutation.
   Will:      It increases your willpower.
 W - a +2 pair of boots of flying (worn)
Magical Staves
 R - the staff of cold "Utaogug" (weapon) {rF+ rC+ Will+ Str+6}
   (You bought it in a shop on level 2 of the Vaults)

   [staff of cold]

   Base accuracy: +5 Base damage: 5 Base attack delay: 1.2 This weapon's minimum
   attack delay (0.6) is reached at skill level 12.
   Str:       It affects your strength (+6).
   rF:        It protects you from fire.
   rC:        It protects you from cold.
   Will:      It increases your willpower.
   It falls into the 'Staves' category.
   It is a one-handed weapon.
 Y - the staff of air "Fito" {rElec rCorr}
   (You found it on level 3 of the Elven Halls)

   [staff of air]

   Base accuracy: +5 Base damage: 5 Base attack delay: 1.2 This weapon's minimum
   attack delay (0.6) is reached at skill level 12.
   rElec:     It insulates you from electricity.
   rCorr:     It protects you from acid and corrosion.
   It falls into the 'Staves' category.
   It is a one-handed weapon.
Jewellery
 l - a ring of protection from fire
 p - a ring of wizardry (right hand)
 w - the ring of Yriqux {+Blink rCorr}
   (You found it in a Gauntlet)

   [ring of resist corrosion]

   +Blink:    It lets you blink.
   rCorr:     It protects you from acid and corrosion.
 x - a +4 ring of protection (left hand)
 z - a ring of positive energy
 K - a ring of willpower
 T - the amulet "Loym" (around neck) {Reflect rCorr Int+2 SH+5}
   (You acquired it on level 1 of the Shoals)

   [amulet of reflection]

   It reflects blocked missile attacks.
   Int:       It affects your intelligence (+2).
   rCorr:     It protects you from acid and corrosion.
   SH:        It affects your SH (+5).
Wands
 C - a wand of paralysis (41)
 F - a wand of flame (60)
 I - a wand of polymorph (33)
 N - a wand of iceblast (4)
 O - a wand of mindburst (18)
 P - a wand of digging (14)
 V - a wand of quicksilver (6)
Scrolls
 c - 7 scrolls of blinking
 d - 8 scrolls of immolation
 h - 2 scrolls of silence
 i - 10 scrolls of amnesia
 k - 8 scrolls of enchant weapon
 m - 2 scrolls of summoning
 n - 8 scrolls of enchant armour
 u - 7 scrolls of fog
 y - 5 scrolls of magic mapping
 A - 4 scrolls of torment
 D - a scroll of teleportation
 E - 6 scrolls of poison
 M - 5 scrolls of fear
 Z - 8 scrolls of vulnerability
Potions
 a - 7 potions of berserk rage
 b - 6 potions of magic
 e - 16 potions of curing
 f - 6 potions of haste
 g - 5 potions of resistance
 j - 9 potions of ambrosia
 o - 11 potions of attraction
 s - 5 potions of heal wounds
 t - 9 potions of might
 H - 12 potions of flight
 L - 4 potions of cancellation
 Q - 9 potions of brilliance
 U - 4 potions of invisibility
 X - 9 potions of lignification


   Skills:
 - Level 10.0 Fighting
 + Level 12.0 Armour
 + Level 15.9 Dodging
 - Level 1.7 Stealth
 + Level 21.7 Spellcasting
 + Level 13.3 Conjurations
 - Level 0.2 Translocations
 + Level 0.8 Ice Magic
 - Level 8.0 Air Magic
 - Level 15.3 Earth Magic


You had 20 spell levels left.
You knew the following spells:

 Your Spells              Type           Power      Damage    Failure   Level
a - Magic Dart            Conj           100%       1d8       0%          1
b - Searing Ray           Conj           100%       2d8       0%          2
c - Iskenderun's Mystic   Conj/Tloc      80%        2d16      1%          4
d - Airstrike             Air            42%        2d(7-23)  1%          4
e - Orb of Destruction    Conj           51%        9d13      2%          7
f - Plasma Beam           Fire/Air       34%        2x1d51    24%         6
g - Lehudib's Crystal Sp  Conj/Erth      52%        10d12     16%         8
h - Freezing Cloud        Conj/Ice/Air   52%        6-21      1%          5
i - Arcjolt               Conj/Air       47%        1d57      1%          5

Your spell library contained the following spells:

 Spells                   Type           Power      Damage    Failure   Level
 Sandblast                Erth           100%       2d20      0%          1
 Foxfire                  Conj/Fire      100%       2x1d9     1%          1
 Necrotise                Necr           100%       1d9       1%          1
 Shock                    Conj/Air       100%       1d9       1%          1
 Slow                     Hex            100%       N/A       1%          1
 Sting                    Tmut/Pois      100%       1d8       1%          1
 Summon Small Mammal      Summ           100%       N/A       1%          1
 Call Imp                 Summ           90%        N/A       1%          2
 Cigotuvi's Dreadful Rot  Necr/Pois/Air  100%       N/A       1%          2
 Ensorcelled Hibernation  Hex/Ice        100%       N/A       1%          2
 Passwall                 Tmut/Erth      69%        N/A       1%          2
 Poisonous Vapours        Pois/Air       100%       N/A       1%          2
 Scorch                   Fire           90%        2d8       1%          2
 Static Discharge         Conj/Air       100%       2-7/arc   1%          2
 Dazzling Flash           Conj/Hex       100%       N/A       1%          3
 Frozen Ramparts          Ice            100%       1d16      1%          3
 Hailstorm                Conj/Ice       100%       3d20      1%          3
 Ozocubu's Armour         Ice            68%        N/A       1%          3
 Swiftness                Air            85%        N/A       1%          3
 Vhi's Electric Charge    Tloc/Air       100%       N/A       1%          3
 Flame Wave               Conj/Fire      80%        2d17      1%          4
 Fulminant Prism          Conj/Hex       40%        3d19      1%          4
 Leda's Liquefaction      Hex/Erth       41%        N/A       1%          4
 Summon Lightning Spire   Summ/Air       68%        N/A       1%          4
 Borgnjor's Vile Clutch   Necr/Erth      41%        N/A       1%          5
 Fireball                 Conj/Fire      40%        3d16      1%          5
 Iskenderun's Battlesphe  Conj           100%       2d15      1%          5
 Lee's Rapid Deconstruct  Erth           54%        3d25*     1%          5
 Iron Shot                Conj/Erth      52%        9d10      1%          6
 Call Canine Familiar     Summ           45%        N/A       2%          3
 Confusing Touch          Hex            45%        N/A       2%          3
 Gell's Gravitas          Tloc           47%        N/A       2%          3
 Ignite Poison            Fire/Tmut/Pois 45%        N/A       2%          3
 Portal Projectile        Hex/Tloc       92%        N/A       2%          3
 Summon Guardian Golem    Hex/Summ       45%        N/A       2%          3
 Teleport Other           Tloc           47%        N/A       2%          3
 Tukima's Dance           Hex            45%        N/A       2%          3
 Vampiric Draining        Necr           45%        2d9       2%          3
 Silence                  Hex/Air        34%        N/A       4%          5
 Statue Form              Tmut/Erth      55%        N/A       5%          6
 Ice Form                 Ice/Tmut       65%        N/A       7%          4
 Summon Ice Beast         Ice/Summ       65%        N/A       7%          4
 Passage of Golubria      Tloc           47%        N/A       8%          4
 Anguish                  Hex/Necr       22%        N/A       9%          4
 Animate Dead             Necr           45%        N/A       9%          4
 Cause Fear               Hex            22%        N/A       9%          4
 Olgreb's Toxic Radiance  Pois           45%        N/A       9%          4
 Starburst                Conj/Fire      40%        6d11      9%          6
 Metabolic Englaciation   Hex/Ice        32%        N/A       19%         5
 Summon Forest            Summ/Tloc      23%        N/A       21%         5
 Agony                    Necr           45%        N/A       22%         5
 Alistair's Intoxication  Tmut/Pois      30%        N/A       22%         5
 Summon Mana Viper        Hex/Summ       45%        N/A       22%         5
 Yara's Violent Unravell  Hex/Tmut       22%        3d10      22%         5
 Spellforged Servitor     Conj/Summ      40%        N/A       38%         7
 Simulacrum               Ice/Necr       32%        N/A       67%         6
 Dispersal                Tloc           23%        N/A       69%         6
 Death Channel            Necr           22%        N/A       73%         6
 Eringya's Noxious Bog    Tmut/Pois      22%        N/A       73%         6
 Summon Cactus Giant      Summ           22%        N/A       73%         6
 Enfeeble                 Hex            22%        N/A       99%         7
 Necromutation            Tmut/Necr      22%        N/A       100%        8
 Dragon's Call            Summ           22%        N/A       100%        9
 Polar Vortex             Ice            34%        N/A       100%        9


Dungeon Overview and Level Annotations

Branches:
Dungeon (15/15)            Temple (0/1) D:6            Lair (5/5) D:10
 Shoals (4/4) Lair:2       Spider (4/4) Lair:3        Slime (0/5) Lair:4
    Orc (2/2) D:9             Elf (3/3) Orc:2        Vaults (4/5) D:13
  Crypt (1/3) Vaults:3     Depths (0/4) D:15        Ossuary (visited)
Gauntlet (visited)

Shops:
D:1 *   D:4 *   D:10 (   Orc:1 [   Orc:2 !?(([[(   Elf:3 *   Shoals:4 *
Vaults:2 [**   Vaults:4 ((*

Annotations:
Elf:1 6 runed translucent doors


Innate Abilities, Weirdness & Mutations

You have an increased reservoir of magic. (+10% MP)
You shall have no god before yourself.
Your divine heritage dramatically boosts your attributes as you level up.
You are partially covered in iridescent scales. (AC +2)
You are resistant to electric shocks. (rElec)
You expend magic power (3 MP) to strengthen your wands.


Message History

The freezing wraith hits you but does no damage. x2
The phantasmal warrior completely misses you.
You block the freezing wraith's attack.
The freezing wraith hits you but does no damage.
The phantasmal warrior hits you but does no damage.
Unknown command.
You hit the freezing wraith but do no damage.
You block the freezing wraith's attack. The freezing wraith hits you.
The freezing wraith drains your vigour!
You feel as though you will be slow longer.
The phantasmal warrior hits you!! The phantasmal warrior hits you!
The phantasmal warrior gestures at you.
The phantasmal warrior blinks!
The freezing wraith hits you. The freezing wraith freezes you! You resist.
The freezing wraith hits you but does no damage.
Blink to where?
Press: ? - help, Dir - move target
As you read the scroll of blinking, it crumbles to dust.
The phantasmal warrior gestures at you.
The phantasmal warrior blinks!
The phantasmal warrior completely misses you.
The phantasmal warrior hits you!
Your willpower is stripped away!
The phantasmal warrior attacks as you move away!
The phantasmal warrior hits you!!
* * * LOW HITPOINT WARNING * * *
The phantasmal warrior gestures at you.
The phantasmal warrior blinks!
The phantasmal warrior hits you!
* * * LOW HITPOINT WARNING * * *
The phantasmal warrior gestures at you.
The phantasmal warrior blinks!
The phantasmal warrior hits you but does no damage.
The phantasmal warrior hits you.
* * * LOW HITPOINT WARNING * * *
The phantasmal warrior attacks as you move away!
The phantasmal warrior hits you!
* * * LOW HITPOINT WARNING * * *
The phantasmal warrior attacks as you move away!
The phantasmal warrior hits you!
You die...

........#)....#Wz#####..#...(..'.
#########.....#..#...#.z#......#.
#########.[...#.##...##{#......#.
#...#...#.....#.#.....#.#......#.
#...#...#[....#.').>..#{#......#.
##'##...'.....#.#..[..#W#......#.
.....####.....'.##...##.#......#.
.....#..#.....#..#...#..'......+.
.....'..#.....#.@#####..#......+.
.....#..#.....#WW...W.{.########.
.....####.....########### ##
##'##...#.....# #...#...#.....#
#...#...#.....###################
#'#######........................
..# #........................ .)#
#........................


You could see 2 phantasmal warriors and a freezing wraith (summoned).

Vanquished Creatures
  Saint Roka (Orc:2)
  A profane servitor (Abyss:2)
  A Hell Sentinel (Abyss:2)
  A tentacled monstrosity (Abyss:2)
  A titan (Vaults:4)
  2 deep elf blademasters
  Polyphemus (Shoals:3)
  4 sphinxes
  Agnes (D:15)
  A tentacled starspawn (Abyss:2)
  2 deep elf master archers (Elf:3)
  A kraken (Shoals:1)
  The ghost of sangerfol the Warrior, an adept FoFi of Hepliaklqana (Shoals:4)
  Roxanne (Spider:1)
  Donald (Orc:2)
  Ilsuiw (Shoals:2)
  6 deep elf sorcerers
  5 emperor scorpions (Spider:4)
  5 ghost moths
  13 vault wardens
  Aizul (Vaults:1)
  Louise (Spider:4)
  2 orc warlords
  A curse skull (Vaults:3)
  3 war gargoyles (Vaults:3)
  4 broodmothers
  4 deep elf elementalists
  7 very ugly things
  8 ironbound preservers
  2 ironbound thunderhulks (Vaults:3)
  A vampire knight (Crypt:1)
  9 deep elf demonologists
  7 dire elephants
  A minotaur (Gauntlet)
  Nessos (Lair:3)
  3 ettins
  An eidolon (Vaults:3)
  5 merfolk javelineers
  8 deep elf annihilators
  5 deep elf death magi
  8 yaktaur captains
  2 crystal guardians
  Josephine (Orc:2)
  2 jiangshi (Crypt:1)
  5 vault guards
  2 deep elf high priests
  9 merfolk impalers
  An entropy weaver (shapeshifter) (D:13)
  5 great orbs of eyes
  Erolcha (Orc:2)
  2 peacekeepers (Vaults:3)
  A hydra (shapeshifter) (Vaults:3)
  10 hydras
  The ghost of Ic0nGaming the Spear-Bearer, a journeyman HOMo of Beogh (D:10)
  6 catoblepae
  18 centaur warriors
  3 radroaches
  An alligator snapping turtle (Shoals:3)
  An ogre mage (D:11)
  10 ironbound frosthearts
  3 merfolk avatars
  7 boulder beetles
  33 dancing weapons
  A jorogumo (Spider:3)
  3 merfolk aquamancers
  2 tengu warriors (D:15)
  A spriggan skeleton (Crypt:1)
  A death knight (Vaults:3)
  A satyr (Shoals:3)
  A hell hog (Abyss:2)
  5 two-headed ogres
  2 vampire magi
  5 orc high priests
  8 death yaks
  A thrashing horror (Abyss:2)
  Urug (D:13)
  2 sun demons (D:15)
  7 skysharks
  4 soul eaters
  Sonja (Lair:4)
  15 deep elf knights
  5 pharaoh ants
  2 wretched stars
  A sixfirhy (Abyss:2)
  A sun moth (Spider:3)
  6 skeletal warriors
  A deep troll (shapeshifter) (Vaults:3)
  13 sea snakes
  A glowing orange brain (shapeshifter) (D:15)
  5 steelbarb worms
  14 ironbound convokers
  10 orb spiders
  14 deep elf archers
  5 orc knights
  18 deep trolls
  17 lindwurms
  16 harpies
  20 deep elf pyromancers
  A phantasmal warrior (Vaults:3)
  9 wizards
  Pikel (D:4)
  26 deep elf zephyrmancers
  A wolf spider zombie (Crypt:1)
  2 large abominations (Abyss:2)
  A lindwurm (shapeshifter) (D:13)
  4 necromancers
  32 ugly things
  3 fauns (Shoals:3)
  A shadow dragon skeleton (Vaults:3)
  A cyclops (shapeshifter) (Vaults:3)
  13 wolf spiders
  13 cyclopes
  7 orc sorcerers
  3 elephants (Lair:5)
  17 manticores
  The ghost of dogaso222 the Firebug, a novice DsFE of Hepliaklqana (D:7)
  4 moths of wrath
  A frost giant zombie (Vaults:3)
  3 smoke demons
  A naga mage (D:15)
  6 water nymphs
  4 black mambas
  6 merfolk sirens
  3 rust devils (D:15)
  3 gargoyles
  5 demonic crawlers
  2 orange demons
  A centaur skeleton (D:15)
  18 vault sentinels
  A kobold demonologist (D:14)
  Maggie (D:7)
  A torpor snail (Spider:4)
  4 rime drakes
  5 cane toads
  An efreet (D:13)
  An unseen horror (Abyss:2)
  2 ancient zymes (Abyss:2)
  2 freezing wraiths
  A catoblepas skeleton (Crypt:1)
  An ice devil (D:15)
  4 komodo dragons
  35 yaktaurs
  A red devil (Abyss:2)
  35 merfolk
  6 trolls
  6 hornets
  4 wind drakes
  5 raiju (Abyss:2)
  28 tarantellas
  33 blink frogs
  12 dream sheep (Lair:5)
  6 snapping turtles
  A meliai zombie (D:15)
  23 jumping spiders
  An ettin zombie (Vaults:4)
  3 centaur simulacra
  2 vampires
  3 ynoxinuls
  3 air elementals (Elf:1)
  5 shadows
  53 slime creatures
  21 culicivoras
  8 wyverns
  55 yaks
  5 basilisks
  2 fire elementals
  16 humans (D:13)
  2 steam dragons
  9 wraiths
  A neqoxec (Abyss:2)
  16 water elementals
  A redback (shapeshifter) (Vaults:4)
  33 redbacks
  6 vampire mosquitoes
  A chaos spawn (D:15)
  A human simulacrum (Vaults:4)
  2 wargs (Orc:2)
  3 acid dragons
  16 two-headed ogre zombies (D:11)
  18 water moccasins
  Edmund (D:6)
  Duvessa (D:7)
  A floating eye (shapeshifter) (Vaults:3)
  31 orc warriors
  5 ice beasts
  9 ogres
  A sky beast (D:6)
  4 black bears
  A boggart (Vaults:3)
  7 wolves (Lair:1)
  10 centaurs
  Blork the orc (D:5)
  A lemure (D:3)
  A phantom (D:5)
  17 bullfrogs
  2 kobold brigands
  3 small abominations
  10 earth elementals
  7 scorpions
  14 wights
  Dowan (D:7)
  12 killer bees
  4 howler monkeys
  5 electric eels (D:15)
  2 centaur zombies
  4 human zombies
  5 jellies
  2 gnoll boudas (D:6)
  20 orc priests
  4 hounds
  5 iguanas
  Jessica (D:2)
  2 sleepcaps
  Natasha (thrice) (D:2)
  28 orc wizards
  Terence (D:2)
  4 mummies (Ossuary)
  Robin (D:2)
  A gnoll (shapeshifter) (Vaults:3)
  8 gnolls
  15 adders
  2 white imps
  An ufetubus (Abyss:2)
  2 worms
  5 dart slugs
  A worm (shapeshifter) (Vaults:3)
  100 orcs
  8 ball pythons
  5 endoplasms
  2 giant cockroaches
  15 goblins
  8 hobgoblins
  A jackal (D:5)
  4 quokkas
  9 bats
  2 frilled lizards
  2 goblin zombies
  2 hobgoblin zombies (Ossuary)
  10 kobolds
  A kobold zombie (Ossuary)
  2 orc zombies
  4 rats
1605 creatures vanquished.

Vanquished Creatures (collateral kills)
  Arachne (Spider:4)
  A deep elf blademaster (Elf:3)
  2 emperor scorpions (Spider:4)
  A vault warden (Vaults:2)
  2 ironbound preservers
  A stone giant (Vaults:2)
  2 ironbound frosthearts (Vaults:1)
  2 steelbarb worms
  2 deep trolls (Vaults:1)
  An ironbound convoker (Vaults:1)
  A phantasmal warrior (Vaults:2)
  A harpy (Vaults:1)
  A wolf spider (Spider:4)
  3 ugly things (Vaults:2)
  A dream sheep (shapeshifter) (Vaults:2)
  4 redbacks
26 creatures vanquished.

Vanquished Creatures (others)
  An orc wizard (Orc:2)
  An orc (Elf:1)
  A demonic plant (D:15)
  15 fungi
  89 plants
  3 starspawn tentacles (Abyss:2)
  25 tentacles (Shoals:1)
135 creatures vanquished.

Grand Total: 1766 creatures vanquished

Notes
Turn   | Place    | Note
-------+----------+-------------------------------------------
     0 | D:1      | McKennaii the Demigod Conjurer began the quest for the Orb.
     0 | D:1      | Reached XP level 1. HP: 14/14 MP: 5/5
    31 | D:1      | Found Lownick's Assorted Antiques.
   352 | D:1      | Reached XP level 2. HP: 20/20 MP: 5/7
   712 | D:1      | Bought a scroll labelled POERRO DIUSH for 16 gold pieces
   712 | D:1      | Bought a brown potion for 14 gold pieces
   904 | D:2      | Reached skill level 2 in Spellcasting
   949 | D:2      | Learned a level 2 spell: Searing Ray
   958 | D:2      | Reached XP level 3. HP: 26/26 MP: 2/8
  1013 | D:2      | Noticed Jessica
  1022 | D:2      | Killed Jessica
  1062 | D:2      | Identified the +2 leather armour of the Great Game {-Cast
                  | rElec rC++ Dex+3}
  1264 | D:2      | Reached skill level 5 in Conjurations
  1264 | D:2      | Reached XP level 4. HP: 33/33 MP: 7/10
  1303 | D:2      | Noticed Natasha
  1307 | D:2      | Killed Natasha
  1578 | D:2      | Noticed Natasha
  1583 | D:2      | Killed Natasha
  1657 | D:2      | Noticed Robin
  1662 | D:2      | Killed Robin
  1706 | D:2      | Noticed Natasha
  1716 | D:2      | Killed Natasha
  1717 | D:2      | Reached XP level 5. HP: 28/38 MP: 0/12
  1826 | D:2      | Noticed Terence
  1831 | D:2      | Killed Terence
  1832 | D:2      | Reached skill level 3 in Spellcasting
  1898 | D:2      | Learned a level 4 spell: Iskenderun's Mystic Blast
  2108 | D:3      | Identified the +6 chain mail "Usomp" {rElec rPois rC-
                  | Regen+}
  2585 | D:3      | Reached XP level 6. HP: 45/45 MP: 5/14
  3055 | D:4      | Noticed Pikel
  3176 | D:4      | Killed Pikel
  3177 | D:4      | Reached skill level 4 in Spellcasting
  3177 | D:4      | Reached XP level 7. HP: 27/50 MP: 6/17
  3369 | D:4      | Reached skill level 5 in Spellcasting
  3369 | D:4      | Upgraded the game from 0.30-b1-2-g02819fbbbe to
                  | 0.30-b1-5-g8e6c1be481
  3369 | D:4      | Upgraded the game from 0.30-b1-5-g8e6c1be481 to
                  | 0.30.0-2-g1aa4bd4387
  4396 | D:4      | Found Nizeri's Assorted Antiques.
  4399 | D:4      | Bought a scroll labelled ZIJIV DIPLOGYA for 25 gold pieces
  4399 | D:4      | Bought a scroll labelled SOCRADDAOSUL for 25 gold pieces
  4399 | D:4      | Bought a pink potion for 22 gold pieces
  4399 | D:4      | Bought a pink potion for 22 gold pieces
  4514 | D:5      | Entered Level 5 of the Dungeon
  4773 | D:5      | Reached XP level 8. HP: 57/57 MP: 12/20
  4872 | D:5      | Noticed Blork the orc
  4889 | D:5      | Killed Blork the orc
  5042 | D:5      | Reached skill level 6 in Spellcasting
  5937 | D:5      | Reached skill level 7 in Spellcasting
  5940 | D:5      | Identified the +4 rapier "Embalmer" {holy, Fly Int+4}
  6077 | D:6      | Noticed Edmund
  6087 | D:6      | Killed Edmund
  6088 | D:6      | Reached XP level 9. HP: 51/62 MP: 10/23
  6269 | D:6      | Reached skill level 1 in Armour
  6269 | D:6      | Reached skill level 5 in Dodging
  7217 | D:6      | Found a staircase to the Ecumenical Temple.
  7290 | D:6      | Reached skill level 8 in Spellcasting
  7596 | D:7      | Noticed Duvessa
  7601 | D:7      | Noticed Dowan
  7636 | D:7      | Noticed Maggie
  7644 | D:7      | Paralysed by Maggie for 5 turns
  7658 | D:7      | Killed Maggie
  7659 | D:7      | Reached XP level 10. HP: 60/69 MP: 0/27
  7753 | D:7      | Noticed dogaso222's ghost (novice DsFE)
  7755 | D:7      | Found a runed translucent door.
  7783 | D:7      | Identified the +4 flail "Tauxan" {heavy, rC+ Int+2}
  7862 | D:7      | Reached skill level 9 in Spellcasting
  8047 | D:7      | Killed Dowan
  8096 | D:7      | Killed Duvessa
  8552 | D:8      | Found a sand-covered staircase.
  8575 | D:8      | Reached skill level 10 in Spellcasting
  8593 | Ossuary  | Entered an ossuary
  9558 | D:1      | Bought a faintly glowing robe for 91 gold pieces
  9558 | D:1      | Identified the +1 robe "Odyuk" {rC+ Stlth+} (You bought it
                  | in a shop on level 1 of the Dungeon)
  9558 | D:1      | Bought a runed hat for 112 gold pieces
  9743 | D:7      | Killed dogaso222's ghost
  9853 | D:9      | Reached skill level 11 in Spellcasting
 10278 | D:9      | Reached skill level 1 in Fighting
 10657 | D:9      | Found a staircase to the Orcish Mines.
 10781 | D:10     | Entered Level 10 of the Dungeon
 10830 | D:10     | Found Agapnoza's Weapon Boutique.
 10945 | D:10     | Reached XP level 11. HP: 30/81 MP: 19/31
 11108 | D:10     | Noticed a two-headed ogre
 11117 | D:10     | Killed a two-headed ogre
 11315 | D:10     | Found a runed translucent gate.
 11315 | D:10     | Found a runed translucent gate.
 11317 | D:10     | Found a runed translucent gate.
 11317 | D:10     | Noticed Ic0nGaming's ghost (journeyman HOMo)
 11342 | D:10     | Learned a level 4 spell: Airstrike
 11405 | D:10     | Found a staircase to the Lair.
 11713 | D:10     | Killed Ic0nGaming's ghost
 12045 | D:11     | Reached skill level 12 in Spellcasting
 12056 | D:11     | Reached skill level 5 in Fighting
 12688 | D:11     | Noticed a two-headed ogre
 12695 | D:11     | Killed a two-headed ogre
 13628 | D:11     | Reached skill level 13 in Spellcasting
 14079 | D:11     | Noticed an ogre mage
 14091 | D:11     | Killed an ogre mage
 14092 | D:11     | Reached XP level 12. HP: 57/96 MP: 21/34
 14446 | D:4      | Bought a pair of runed boots for 187 gold pieces
 14788 | D:12     | Reached skill level 14 in Spellcasting
 15269 | D:12     | Reached skill level 5 in Armour
 15838 | D:12     | Found a runed translucent door.
 15902 | D:12     | Noticed a centaur warrior
 15912 | D:12     | Killed a centaur warrior
 15986 | D:12     | Noticed a four-headed hydra
 16082 | D:12     | Killed a four-headed hydra
 16124 | D:12     | Identified the +6 trident "Saxzu" {speed, rElec rC+}
 16220 | D:12     | Found a runed translucent door.
 16350 | D:13     | Noticed a centaur warrior
 16350 | D:13     | Noticed Urug
 16350 | D:13     | Found a gate to the Vaults.
 16419 | D:13     | Noticed a boulder beetle
 16536 | D:12     | Killed a boulder beetle
 17067 | D:13     | Identified the +10 long sword "Wuclet" {heavy, Will- rCorr
                  | Int+2 Stlth+}
 17067 | D:13     | Noticed a centaur warrior
 17194 | Lair:1   | Entered Level 1 of the Lair of Beasts
 17222 | Lair:1   | Reached skill level 15 in Spellcasting
 17263 | Lair:1   | Reached XP level 13. HP: 93/102 MP: 13/37
 17346 | Lair:1   | Identified the +3 long sword "Adawumei" {holy, rF+ rCorr
                  | Dex+3}
 17993 | Lair:1   | Reached skill level 1 in Air Magic
 18535 | Lair:2   | Found a staircase to the Shoals.
 18604 | Lair:2   | Found a gate leading to a gauntlet.
 18627 | Gauntlet | Entered a Gauntlet
 18627 | Gauntlet | Found a runed translucent door.
 18627 | Gauntlet | Found a transporter.
 18627 | Gauntlet | Found a runed translucent door.
 18627 | Gauntlet | Found a transporter.
 18627 | Gauntlet | Found a transporter.
 18651 | Gauntlet | Found a transporter.
 18654 | Gauntlet | Found a transporter.
 18662 | Gauntlet | Found a transporter.
 18665 | Gauntlet | Found a transporter.
 18675 | Gauntlet | Found a transporter.
 18694 | Gauntlet | Found a transporter.
 18712 | Gauntlet | Found a transporter.
 18716 | Gauntlet | Found a transporter.
 18726 | Gauntlet | Found a transporter.
 18815 | Gauntlet | Paralysed by a hornet for 3 turns
 18847 | Gauntlet | Identified the +3 cloak "Fism" {Int+2 SInv}
 19166 | Gauntlet | Identified the ring of Yriqux {+Blink rCorr}
 19180 | Gauntlet | Noticed a minotaur
 19531 | Gauntlet | Killed a minotaur
 19618 | Gauntlet | Got the Excursus on the Spellbinding Dragon
 19618 | Gauntlet | Got the Directory of Grim Breccia
 19874 | Lair:2   | Learned a level 7 spell: Orb of Destruction
 19883 | Lair:2   | Learned a level 8 spell: Lehudib's Crystal Spear
 19889 | Lair:2   | Learned a level 5 spell: Freezing Cloud
 20238 | Lair:2   | Identified the +6 long sword of Abedyn {heavy, rC+ Int+3
                  | SInv}
 20502 | Lair:3   | Noticed Nessos
 20507 | Lair:3   | Killed Nessos
 20508 | Lair:3   | Reached skill level 1 in Earth Magic
 21012 | Lair:3   | Found a hole to the Spider Nest.
 21855 | Lair:4   | Identified the +2 robe of Doontau {Will+ Str+5 Slay-5 SInv}
 21990 | Lair:4   | Reached skill level 5 in Air Magic
 22067 | Lair:4   | Noticed Sonja
 22070 | Lair:4   | Killed Sonja
 22157 | Lair:4   | Reached XP level 14. HP: 110/110 MP: 1/39
 22249 | Lair:4   | Found a staircase to the Slime Pits.
 22857 | Lair:5   | Entered Level 5 of the Lair of Beasts
 22961 | Lair:5   | Identified the +5 long sword "Kiju" {flame, +Blink Will-
                  | Int+5}
 23085 | Lair:5   | Reached skill level 16 in Spellcasting
 23359 | Lair:5   | Reached skill level 10 in Armour
 24233 | Lair:5   | Reached skill level 5 in Earth Magic
 25485 | Orc:1    | Entered Level 1 of the Orcish Mines
 25917 | Orc:2    | Entered Level 2 of the Orcish Mines
 25943 | Orc:2    | Found Wuqak's Antique Weapon Shoppe.
 26009 | Orc:2    | Noticed Erolcha
 26014 | Orc:2    | Killed Erolcha
 26061 | Orc:2    | Noticed Josephine
 26066 | Orc:2    | Killed Josephine
 26326 | Orc:2    | Noticed Donald
 26335 | Orc:2    | Killed Donald
 26788 | Orc:2    | Found Lewny's Antique Armour Shoppe.
 26837 | Orc:2    | Found Gopir's Magic Scroll Boutique.
 26903 | Orc:2    | Bought a scroll of acquirement for 676 gold pieces
 26903 | Orc:2    | Bought a scroll of blinking for 97 gold pieces
 26903 | Orc:2    | Bought a scroll of blinking for 97 gold pieces
 26903 | Orc:2    | Found a staircase to the Elven Halls.
 27064 | Orc:2    | Found Higes's Distillery.
 27376 | Orc:2    | Noticed Saint Roka
 27431 | Orc:2    | Paralysed by an orc sorcerer for 5 turns
 27694 | Orc:2    | Found Geraabaf's Antique Weapon Boutique.
 27871 | Orc:2    | Found Zuvebbiq's Antique Armour Emporium.
 27873 | Orc:2    | Found Saerof's Antique Weapon Shoppe.
 28000 | Orc:2    | Bought a scorched ring mail for 180 gold pieces
 28000 | Orc:2    | Identified the +4 ring mail of the Devil {Dex+5} (You
                  | bought it in a shop on level 2 of the Orcish Mines)
 28302 | Orc:2    | Killed Saint Roka
 28582 | Orc:1    | Found Geleth Hoys's Armour Boutique.
 28957 | D:13     | Reached XP level 15. HP: 115/115 MP: 30/41
 29455 | D:13     | Killed Urug
 29841 | D:14     | Identified the +5 scale mail "Xipt" {rF++ rN+ Str-5 Stlth+}
 30992 | D:15     | Entered Level 15 of the Dungeon
 31108 | D:15     | Reached skill level 10 in Conjurations
 31711 | D:15     | Noticed Agnes
 31716 | D:15     | Killed Agnes
 31717 | D:15     | Reached skill level 17 in Spellcasting
 31765 | D:15     | Identified the +0 ring mail of the Orb {rPois rN+ Int+3
                  | SInv}
 32028 | D:15     | Learned a level 6 spell: Plasma Beam
 32189 | D:15     | Paralysed by an orc sorcerer for 5 turns
 32335 | D:15     | Found a staircase to the Depths.
 32810 | Orc:2    | Bought a potion of haste for 150 gold pieces
 32810 | Orc:2    | Bought a potion of brilliance for 60 gold pieces
 32810 | Orc:2    | Bought a potion of heal wounds for 75 gold pieces
 32810 | Orc:2    | Bought a potion of curing for 45 gold pieces
 32810 | Orc:2    | Bought a potion of heal wounds for 75 gold pieces
 32810 | Orc:2    | Bought a potion of heal wounds for 75 gold pieces
 32810 | Orc:2    | Bought a potion of magic for 120 gold pieces
 32935 | Shoals:1 | Entered Level 1 of the Shoals
 33208 | Shoals:1 | Acquired 494 gold pieces
 33210 | Shoals:1 | Acquired the amulet "Loym" {Reflect rCorr Int+2 SH+5}
 33428 | Shoals:1 | Noticed a kraken
 33991 | Shoals:1 | Killed a kraken
 34630 | Shoals:2 | Noticed Ilsuiw
 34636 | Shoals:2 | Killed Ilsuiw
 35560 | Shoals:2 | Learned a level 5 spell: Arcjolt
 35590 | Shoals:2 | Reached XP level 16. HP: 124/124 MP: 34/43
 36227 | Shoals:2 | You are sucked into a shaft and drop 1 floor!
 37083 | Shoals:3 | Noticed Polyphemus
 38852 | Shoals:3 | Killed Polyphemus
 39683 | Shoals:4 | Entered Level 4 of the Shoals
 40045 | Shoals:4 | Noticed sangerfol's ghost (adept FoFi)
 40045 | Shoals:4 | Found a runed translucent door.
 40864 | Shoals:4 | Found Xyukleyr's Mayhem Merchandise.
 41424 | Shoals:4 | Reached skill level 10 in Earth Magic
 43028 | Shoals:4 | Got a barnacled rune of Zot
 43388 | Shoals:4 | Killed sangerfol's ghost
 43613 | Spider:1 | Entered Level 1 of the Spider Nest
 44328 | Spider:1 | Noticed Roxanne
 44334 | Spider:1 | Killed Roxanne
 44588 | Spider:1 | Reached skill level 18 in Spellcasting
 45465 | Spider:2 | Reached XP level 17. HP: 136/136 MP: 28/44
 47243 | Spider:2 | HP: 5/138 [barbs]
 49869 | Spider:4 | Entered Level 4 of the Spider Nest
 50213 | Spider:4 | Noticed Louise
 51007 | Spider:4 | Killed Louise
 52224 | Spider:4 | Reached skill level 10 in Fighting
 52294 | Spider:4 | Noticed Arachne
 52298 | Spider:4 | Reached skill level 10 in Dodging
 52308 | Spider:4 | Killed Arachne
 54364 | Spider:4 | Got a gossamer rune of Zot
 54772 | Elf:1    | Entered Level 1 of the Elven Halls
 55564 | Elf:1    | Paralysed by an air elemental for 1 turns
 55665 | Elf:1    | Paralysed by an air elemental for 1 turns
 55668 | Elf:1    | Reached skill level 19 in Spellcasting
 55671 | Elf:1    | Reached XP level 18. HP: 67/147 MP: 5/47
 56234 | Elf:1    | Identified the +6 quick blade "Dutam" {flame, rPois rN+}
 56315 | Elf:1    | Found a runed translucent gate.
 56315 | Elf:1    | Found a runed translucent gate.
 56315 | Elf:1    | Found a runed translucent gate.
 56315 | Elf:1    | Found a runed translucent gate.
 56315 | Elf:1    | Found a runed translucent gate.
 56317 | Elf:1    | Found a runed translucent gate.
 56702 | Elf:1    | Got the Volume of Assembling
 57510 | Elf:2    | Paralysed by an air elemental for 1 turns
 57516 | Elf:1    | Paralysed by an air elemental for 1 turns
 57925 | Elf:2    | Identified the +5 scale mail of a Labyrinth {SInv}
 58037 | Elf:2    | Found a runed translucent gate.
 58038 | Elf:2    | Found a runed translucent gate.
 58038 | Elf:2    | Found a runed translucent gate.
 60366 | Elf:3    | Entered Level 3 of the Elven Halls
 60465 | Elf:3    | HP: 3/140 [deep elf death mage/bolt of negative energy
                  | (28)]
 60972 | Elf:3    | Found Teupp's General Store.
 60987 | Elf:3    | Bought a potion of heal wounds for 85 gold pieces
 60987 | Elf:3    | Bought a potion of curing for 51 gold pieces
 61034 | Elf:3    | Identified the +3 robe of Cheibriados's Delight {Int+7
                  | Dex+4}
 61349 | Elf:3    | Reached skill level 20 in Spellcasting
 61498 | Elf:3    | Identified the +0 robe "Govva" {Will+ Str+3}
 61760 | Elf:3    | Identified the +0 trident "Beetle's Demise" {vamp, rElec
                  | rF+ Str+5}
 61912 | Abyss:2  | Cast into level 2 of the Abyss (a deep elf sorcerer)
 62425 | Abyss:2  | Noticed a tentacled monstrosity
 62431 | Abyss:2  | Killed a tentacled monstrosity
 62440 | Abyss:2  | Reached skill level 15 in Earth Magic
 62446 | Abyss:2  | Gained mutation: You are vulnerable to cold. (rC-) [a
                  | neqoxec]
 62452 | Abyss:2  | Gained mutation: You are very vulnerable to cold. (rC--) [a
                  | neqoxec]
 62455 | Abyss:2  | Gained mutation: Your body sometimes deteriorates upon
                  | taking damage. [a neqoxec]
 62456 | Abyss:2  | Gained mutation: You are clumsy. (Dex -2) [a neqoxec]
 62458 | Abyss:2  | Lost mutation: Your body sometimes deteriorates upon taking
                  | damage. [potion of mutation]
 62458 | Abyss:2  | Lost mutation: You are very vulnerable to cold. (rC--)
                  | [potion of mutation]
 62458 | Abyss:2  | Gained mutation: You are dopey. (Int -2) [potion of
                  | mutation]
 62458 | Abyss:2  | Gained mutation: Your spells are a little harder to cast,
                  | but a little more powerful. [potion of mutation]
 62459 | Abyss:2  | Lost mutation: You are clumsy. (Dex -2) [potion of
                  | mutation]
 62459 | Abyss:2  | Lost mutation: Your spells are a little harder to cast, but
                  | a little more powerful. [potion of mutation]
 62459 | Abyss:2  | Lost mutation: You are vulnerable to cold. (rC-) [potion of
                  | mutation]
 62459 | Abyss:2  | Gained mutation: Your system is resistant to poisons.
                  | (rPois) [potion of mutation]
 62459 | Abyss:2  | Gained mutation: Your muscles are strong. (Str +4, Int/Dex
                  | -1) [potion of mutation]
 62459 | Abyss:2  | Lost mutation: You are dopey. (Int -2) [potion of mutation]
 62989 | Abyss:2  | Noticed a profane servitor
 62993 | Abyss:2  | Killed a profane servitor
 62994 | Abyss:2  | Reached XP level 19. HP: 120/154 MP: 17/49
 63217 | Elf:3    | Escaped the Abyss
 63541 | Elf:3    | Found the +27 heavy crossbow "Sniper" {heavy, Acc+∞ SInv}
 63569 | Elf:3    | Got the Papyrus of the Supportive Charnel House
 63606 | Elf:3    | Identified the staff of air "Cison" {rElec Dex+2}
 63639 | Elf:3    | Identified the +0 pair of boots "Licrade" {rPois}
 63643 | Elf:3    | Identified the scarf of Dramatic Exits {rC+ rF+, Str+4
                  | Stlth+}
 63648 | Elf:3    | Identified the staff of air "Fito" {rElec rCorr}
 65028 | Elf:3    | Got Sif Muna's Handbook of the Summoned Glacier
 65030 | Elf:3    | Gained mutation: You occasionally shout uncontrollably at
                  | your foes. [mutagenic glow]
 65038 | Elf:3    | Gained mutation: Your spells are a little easier to cast,
                  | but a little less powerful. [mutagenic glow]
 65052 | Elf:3    | Gained mutation: You are frail. (-10% HP) [mutagenic glow]
 65130 | Elf:3    | Lost mutation: Your muscles are strong. (Str +4, Int/Dex
                  | -1) [potion of mutation]
 65130 | Elf:3    | Lost mutation: Your system is resistant to poisons. (rPois)
                  | [potion of mutation]
 65130 | Elf:3    | Lost mutation: You are frail. (-10% HP) [potion of
                  | mutation]
 65130 | Elf:3    | Gained mutation: You are covered in fur. (AC +1) [potion of
                  | mutation]
 65130 | Elf:3    | Gained mutation: You have sharp toenails. [potion of
                  | mutation]
 65133 | Elf:3    | Lost mutation: Your spells are a little easier to cast, but
                  | a little less powerful. [potion of mutation]
 65133 | Elf:3    | Lost mutation: You have sharp toenails. [potion of
                  | mutation]
 65133 | Elf:3    | Lost mutation: You are covered in fur. (AC +1) [potion of
                  | mutation]
 65133 | Elf:3    | Gained mutation: You are vulnerable to heat. (rF-) [potion
                  | of mutation]
 65133 | Elf:3    | Gained mutation: You are occasionally teleported next to
                  | monsters. [potion of mutation]
 65134 | Elf:3    | Lost mutation: You are occasionally teleported next to
                  | monsters. [potion of mutation]
 65134 | Elf:3    | Lost mutation: You are vulnerable to heat. (rF-) [potion of
                  | mutation]
 65134 | Elf:3    | Lost mutation: You occasionally shout uncontrollably at
                  | your foes. [potion of mutation]
 65134 | Elf:3    | Gained mutation: You are partially covered in iridescent
                  | scales. (AC +2) [potion of mutation]
 65134 | Elf:3    | Gained mutation: You expend magic power (3 MP) to
                  | strengthen your wands. [potion of mutation]
 65134 | Elf:3    | Gained mutation: You are resistant to electric shocks.
                  | (rElec) [potion of mutation]
 65490 | Vaults:1 | Entered Level 1 of the Vaults
 66351 | Vaults:1 | Noticed Aizul
 66366 | Vaults:1 | Killed Aizul
 68444 | Vaults:2 | Found Kuame's Assorted Antiques.
 68451 | Vaults:2 | Bought a scroll of blinking for 232 gold pieces
 68583 | Vaults:2 | Identified the +6 spear "Erevymom" {flame, rCorr}
 68837 | Vaults:2 | Found Caguwomi's Assorted Antiques.
 68845 | Vaults:2 | Bought a crude staff for 288 gold pieces
 68845 | Vaults:2 | Identified the staff of cold "Utaogug" {rF+ rC+ Will+
                  | Str+6} (You bought it in a shop on level 2 of the Vaults)
 68868 | Vaults:2 | Identified the +0 leather armour "Xikkokha" {rPois Will-
                  | Dex+2}
 68943 | Vaults:2 | Identified the +5 long sword of Etuyl {freeze, Drain rCorr
                  | Str-5 Int+7}
 69084 | Vaults:2 | Found Xanilelo's Antique Armour Shop.
 69092 | Vaults:2 | Bought the -2 hat of the Alchemist {rElec rPois rF+ rC+ rN+
                  | Will+ rMut rCorr} for 1604 gold pieces
 69092 | Vaults:2 | Found the -2 hat of the Alchemist {rElec rPois rF+ rC+ rN+
                  | Will+ rMut rCorr}
 71082 | Vaults:3 | Reached skill level 21 in Spellcasting
 71932 | Vaults:3 | Reached XP level 20. HP: 161/161 MP: 35/51
 72282 | Vaults:3 | Found a staircase to the Crypt.
 76029 | Vaults:4 | Found Gozag's Antique Weapon Emporium.
 77060 | Vaults:4 | Reached skill level 15 in Dodging
 77108 | Vaults:4 | Found Gozag's Antique Weapon Emporium.
 77122 | Vaults:4 | Found Gozag's Assorted Antiques.
 77244 | Vaults:4 | Bought a fine scale mail for 900 gold pieces
 77244 | Vaults:4 | Identified the +3 scale mail of Perfidy {rCorr Str+4} (You
                  | bought it in a shop on level 4 of the Vaults)
 79608 | Crypt:1  | Entered Level 1 of the Crypt
 80397 | Vaults:3 | Slain by a phantasmal warrior

Illustrated notes

Levels and vault maps discovered:
D:1:      scummos_arrival_forest, layout_rooms, serial_shops, shop, minivault_24
D:2:      layout_rooms, uniq_natasha, uniq_jessica, uniq_robin, uniq_terence
D:3:      layout_rooms, nicolae_overflow_hallway_of_the_gods
D:4:      layout_cave_pods, serial_shops, kennysheep_mini, uniq_pikel
D:5:      cheibrodos_barr_body, layout_loops_cross, uniq_blork_the_orc
D:6:      minmay_clustersquares, layout_loops_ring,
          minmay_temple_entry_butterflies, hangedman_abyss_or_decor_passed,
          uniq_edmund
D:7:      wander_river, layout_gridville, hellmonk_ghost_happy_afterlife,
          uniq_maggie, uniq_duvessa
D:8:      layout_gridville, enter_ossuary_3
D:9:      layout_loops_cross, orc_0_dummy
D:10:     layout_rooms, lair_entry_dummy, serial_shops, shop,
          ebering_ghost_rock_garden
D:11:     lemuel_ogre_cave, layout_basic
D:12:     minmay_the_grid_triangle_9x9_line_8_mashed
          [minmay_the_grid_triangle_9x9_skeleton,
          minmay_the_grid_triangle_9x9_swiss_cheese,
          minmay_the_grid_triangle_9x9_corrupted_corridor,
          minmay_the_grid_triangle_9x9_negative_grid,
          minmay_the_grid_triangle_9x9_steps,
          minmay_the_grid_triangle_9x9_tough_junction,
          minmay_the_grid_triangle_9x9_wacky_v,
          minmay_the_grid_triangle_9x9_prize_insulated], layout_rooms,
          lemuel_flamethrower_2
D:13:     layout_big_octagon, david_vaults_3, minmay_alternating_orb
D:14:     layout_loops_corners, nicolae_uskayaw_en_pointe,
          hangedman_decor_peaks_small
D:15:     grunt_enter_depths_magical_seal, layout_basic,
          minmay_misc_feat_plants, serial_demonic, serial_demonic_d,
          serial_demonic_a, serial_demonic_e, serial_demonic_e,
          serial_demonic_f, uniq_agnes
Lair:1:   layout_long_grid, beast_lair_carwin_6, infiniplex_staircase_pool_2
Lair:2:   layout_cave_pods, minmay_shoals_entry_beasts, gauntlet_entry_generic,
          grunt_megastairs_1, infiniplex_staircase_pool
Lair:3:   layout_gridlike, spider_nest_entry_funnel_web, uniq_nessos
Lair:4:   layout_regular_city, dpeg_slime_entry_corner, uniq_sonja
Lair:5:   evilmike_catoblepas_cave, layout_cave_pods
Shoals:1: layout_shoals
Shoals:2: layout_shoals, uniq_ilsuiw
Shoals:3: layout_shoals, nicolae_shoals_seven_spires, uniq_polyphemus
Shoals:4: shoals_end_hangedman, layout_shoals, gammafunk_ghost_grave,
          minmay_shop_mayhem
Spider:1: layout_spider_delve, uniq_roxanne
Spider:2: layout_spider_delve, hangedman_spider_trapstep
Spider:3: layout_spider_delve
Spider:4: grunt_spider_rune_circles, uniq_louise, uniq_arachne
Orc:1:    layout_caves, serial_shops, shop, trog_butcher_becter
Orc:2:    grunt_orc_community_town_hall, layout_caves,
          grunt_orc_community_big_house_1, grunt_orc_community_big_house_2,
          grunt_orc_community_house_3, grunt_orc_community_house_2,
          grunt_orc_community_house_2, grunt_orc_community_house_1,
          grunt_orc_community_house_2, serial_shops, shop, shop,
          nicolae_shop_just_a_little_nook, special_room, minmay_orc_keep,
          uniq_donald, uniq_josephine, uniq_erolcha
Elf:1:    nicolae_elf_arrival_fired_up, layout_loops_cross, orc_legates,
          minmay_elf_demonology
Elf:2:    nicolae_elf_blades_crystal_corner, layout_loops_cross,
          amcnicky_mini_corridor_feature, nicolae_fountain_basement
Elf:3:    grunt_elf_hall_branching, layout_loops_corners, serial_shops, shop,
          kilobyte_mutagenic_chamber
Vaults:1: grunt_vaults_swirl, hangedman_vaults_locks, v_rooms_1,
          grunt_vaults_funnel, vaults_dpeg_diagonal, nicolae_vaults_wine_cellar,
          layout_vaults_omnicross, uniq_aizul, uniq_saint_roka
Vaults:2: v_misc_11, nicolae_vaults_tetromino_Z_1,
          nicolae_vaults_border_crossing, vaults_room_hangedman_quadrants,
          nicolae_vaults_sightless_eye, hangedman_vaults_snaps,
          nicolae_vaults_tangram_1, nicolae_vaults_weapon_check, v_misc_26,
          vaults_dpeg_cross, v_misc_15, layout_vaults_big_room, serial_shops,
          nicolae_lakefront_shop, shop, shop
Vaults:3: nicolae_vaults_windows_and_doors_thing,
          nicolae_vaults_loss_of_containment, nicolae_vaults_big_angled_halls,
          v_misc_18, minmay_crypt_entry_simple_round,
          nicolae_vaults_closet_pinwheel_1, nicolae_vaults_hexular_roomagon,
          nicolae_vaults_diamond_1, nicolae_vaults_apartment_2,
          nicolae_vaults_apartment_2, nicolae_vaults_trapezoid_2,
          vaults_mumra_hex, vaults_dpeg_encased_lava, vaults_room_hallway,
          dpeg_vaults_monster_box, layout_vaults_ring, uniq_margery
Vaults:4: vaults_mumra_chevron, kennysheep_vaults_gozag_temple, v_misc_18,
          nicolae_vaults_offset_grid_hallway_4, vaults_mumra_minichess,
          ontoclasm_vaults_claustrophobia, hangedman_vaults_river_flow,
          nicolae_vaults_trapezoid_layered, hangedman_vaults_trim, v_misc_17,
          vaults_room_door_hall, layout_vaults_maze_bifur
Crypt:1:  layout_misc_corridors, minivault_11

Skill      XL: |  1  2  3  4  5  6  7  8  9 10 11 12 13 14 15 16 17 18 19 20 |
---------------+-------------------------------------------------------------+-----
Conjurations   | 4 5 6 7 8 9 10 11 13 | 13.3
Spellcasting   | 2 3 4 5 7 8 11 13 15 16 17 18 19 20 21 | 21.7
Dodging        | 4 6 8 10 13 15 | 15.9
Armour         | 4 7 9 10 11 12 | 12.0
Fighting       | 2 6 8 10 | 10.0
Air Magic      | 5 7 8 |  8.0
Earth Magic    | 3 6 8 10 12 15 | 15.3
Stealth        | |  1.7
Translocations | |  0.2
Ice Magic      | |  0.8

Action                     |  1- 3 |  4- 6 |  7- 9 | 10-12 | 13-15 | 16-18 | 19-21 || total
---------------------------+-------+-------+-------+-------+-------+-------+-------++-------
  Melee: Unarmed           |     2 |       |       |       |       |       |       ||     2
         Dagger            |       |       |     5 |       |       |       |       ||     5
         Rapier            |       |       |     1 |    55 |   116 |   121 |     3 ||   296
         Punch             |       |       |       |       |       |     2 |     2 ||     4
         Eudemon blade     |       |       |       |       |       |       |    53 ||    53
         Staff             |       |       |       |       |       |       |    98 ||    98
         Trident           |       |       |       |       |       |       |     6 ||     6
   Cast: Magic Dart        |    67 |   119 |   155 |   288 |    66 |       |       ||   695
         Searing Ray       |       |     8 |    69 |   139 |    29 |    11 |     2 ||   258
         Iskenderun's Myst |       |       |     5 |   201 |   162 |   160 |   204 ||   732
         Airstrike         |       |       |       |     2 |   968 |  1077 |   620 ||  2667
         Orb of Destructio |       |       |       |       |    14 |    28 |     4 ||    46
         Freezing Cloud    |       |       |       |       |       |    16 |    47 ||    63
         Lehudib's Crystal |       |       |       |       |       |     8 |    41 ||    49
         Plasma Beam       |       |       |       |       |       |     2 |       ||     2
  Evoke: Wand              |       |       |       |     9 |     6 |    20 |    18 ||    53
    Use: Scroll            |       |       |     4 |     7 |    13 |    31 |    13 ||    68
         Potion            |       |       |       |       |     2 |    16 |     9 ||    27
 Armour: Robe              |       |     5 |     7 |    72 |   145 |   320 |     9 ||   558
         Leather armour    |       |       |    13 |       |       |       |       ||    13
         Steam dragon scal |       |       |       |    26 |       |       |       ||    26
         Chain mail        |       |       |       |       |   158 |       |   372 ||   530
         Ring mail         |       |       |       |       |    15 |       |       ||    15
  Dodge: Dodged            |     9 |    16 |    64 |   173 |   297 |   436 |   376 ||  1371
  Block: Other             |       |       |       |       |    17 |   134 |   151 ||   302
         Reflection        |       |       |       |       |     1 |     8 |    34 ||    43
